 Dungeon Sprint DCSS version 0.16-a0-3781-g2316936 (console) character file.

556 Monkaria the Carver (level 7, -3/81 HPs)
             Began as a High Elf Gladiator on Jan 25, 2015.
             Was an Initiate of Makhleb.
             Slain by a centaur warrior (12 damage)
             ... in the Dungeon (Sprint I: "Red Sonja").
             The game lasted 00:02:21 (899 turns).

Monkaria the Carver (High Elf Gladiator)             Turns: 899, Time: 00:02:21

Health: -3/81      AC:  6    Str: 21    XL:     7   Next: 8%
Magic:  12/12      EV: 19    Int: 12    God:    Makhleb [......]
Gold:   297        SH:  0    Dex: 16    Spells: 0 memorised, 6 levels left

rFire  . . .     SeeInvis .     a - +0 long sword
rCold  . . .     Clarity  .     l - +2 leather armour {MR+}
rNeg   . . .     SustAb   .     (no shield)
rPois  .         Gourm    .     c - +0 helmet
rElec  .         Spirit   .     (no cloak)
rCorr  .         Warding  .     (no gloves)
rMut   .         NoTele   +     (no boots)
MR     +....                    (no amulet)
Stlth  ..........               (no ring)
                                (no ring)

@: berserking, very quick, somewhat resistant to hostile enchantments, extremely
unstealthy
A: no striking features
a: Renounce Religion


You were in the Dungeon.
You worshipped Makhleb.
Makhleb was noncommittal.
You were not hungry.

You visited 1 branch You collected 297 gold pieces.

Inventory:

Hand weapons
 a - a +0 long sword (weapon)
Missiles
 d - 3 throwing nets (quivered)
Armour
 c - a +0 helmet (worn)
 l - a +2 leather armour of magic resistance (worn)
Scrolls
 b - 4 scrolls of immolation {unknown}
 k - a scroll of blinking
Potions
 e - a potion of curing
 h - a potion of haste
 i - 2 potions of magic
Comestibles
 f - a bread ration


   Skills:
 - Level 7.3 Fighting
 + Level 12.4 Long Blades
 - Level 2.1 Throwing
 * Level 0.0 Armour
 - Level 10.3 Dodging


You had 6 spell levels left.
You didn't know any spells.

Dungeon Overview and Level Annotations

Branches:
Dungeon (1/1)

Altars:
Cheibriados
Dithmenos
Elyvilon
Fedhas
Gozag
Kikubaaqudgha
Makhleb
Nemelex Xobeh
Okawaru
Qazlal
Ru
Sif Muna
Trog
Vehumet
Xom
Yredelemnul
Zin
The Shining One
Jiyva

Shops:
D [


Message History

You slash the centaur warrior!
The centaur warrior is moderately wounded.
The centaur warrior hits you.
You slash the centaur warrior!
The centaur warrior is moderately wounded.
The centaur warrior hits you!
You barely miss the centaur warrior.
The centaur warrior is moderately wounded.
The centaur warrior hits you!
* * * LOW HITPOINT WARNING * * *
You hit the centaur warrior.
The centaur warrior is moderately wounded.
You completely miss the centaur warrior.
The centaur warrior is moderately wounded.
The centaur warrior hits you!
* * * LOW HITPOINT WARNING * * *
You slash the centaur warrior!
The centaur warrior is severely wounded.
The centaur warrior hits you!
You die...

###################
#<.#..)..#..'..#__#
#..'[.#..').#..'..+
#..#####'#####'#__# #
#..####..#...#.####§)#
#..#__####..##(#≈≈§§c
#..#_..__##'#..'§§§§
#⌠⌠#_.∩...'...c#§≈§cc#
####_..._##_.#@##+####
#_____###+#(# #######
###


You could see a centaur warrior.

Vanquished Creatures
  A slime creature (D)
  A yak (D)
  An ogre (D)
  Sigmund (D)
  A jelly (D)
  Ijyb (D)
6 creatures vanquished.

Notes
Turn   | Place    | Note
--------------------------------------------------------------
     0 | D        | Monkaria, the High Elf Gladiator, began the quest for the Orb.
     0 | D        | Reached XP level 1. HP: 14/14 MP: 2/2
     2 | D        | Noticed Ijyb
    17 | D        | Killed Ijyb
    17 | D        | Reached skill level 4 in Fighting
    17 | D        | Reached skill level 5 in Long Blades
    17 | D        | Reached XP level 2. HP: 17/23 MP: 3/3
   104 | D        | Noticed an ogre
   122 | D        | Killed an ogre
   122 | D        | Reached skill level 7 in Fighting
   122 | D        | Reached XP level 3. HP: 2/32 MP: 5/5
   122 | D        | Reached XP level 4. HP: 2/38 MP: 7/7
   422 | D        | Noticed Sigmund
   430 | D        | Killed Sigmund
   430 | D        | Reached skill level 8 in Long Blades
   430 | D        | Reached skill level 5 in Dodging
   430 | D        | Reached XP level 5. HP: 32/43 MP: 8/8
   594 | D        | Found a deep blue altar of Sif Muna.
   595 | D        | Noticed a jelly
   596 | D        | Found a radiant altar of Vehumet.
   600 | D        | Killed a jelly
   600 | D        | Reached skill level 9 in Long Blades
   664 | D        | Found Sugeatos' Armour Emporium.
   664 | D        | Found a white marble altar of Elyvilon.
   664 | D        | Found a stormy altar of Qazlal.
   664 | D        | Found a burning altar of Makhleb.
   664 | D        | Found a sacrificial altar of Ru.
   664 | D        | Found a basalt altar of Yredelemnul.
   664 | D        | Found a glowing golden altar of the Shining One.
   664 | D        | Found a sparkling altar of Nemelex Xobeh.
   664 | D        | Found a shimmering altar of Xom.
   664 | D        | Found an opulent altar of Gozag.
   664 | D        | Found an ancient bone altar of Kikubaaqudgha.
   664 | D        | Found a glowing silver altar of Zin.
   664 | D        | Noticed a yak
   672 | D        | Killed a yak
   672 | D        | Reached skill level 11 in Long Blades
   672 | D        | Reached XP level 6. HP: 36/49 MP: 10/10
   673 | D        | Found an iron altar of Okawaru.
   674 | D        | Found a bloodstained altar of Trog.
   676 | D        | Became a worshipper of Makhleb the Destroyer
   751 | D        | Found a snail-covered altar of Cheibriados.
   751 | D        | Found a viscous altar of Jiyva.
   751 | D        | Found a shadowy altar of Dithmenos.
   751 | D        | Found a blossoming altar of Fedhas.
   751 | D        | Noticed a slime creature
   772 | D        | Killed a slime creature
   772 | D        | Reached skill level 12 in Long Blades
   772 | D        | Reached skill level 10 in Dodging
   772 | D        | Reached XP level 7. HP: 34/54 MP: 12/12
   884 | D        | Noticed a centaur warrior
   885 | D        | Noticed a centaur warrior
   899 | D        | Slain by a centaur warrior

Action                   |  1- 3 |  4- 6 |  7- 9 || total
-------------------------+-------+-------+-------++-------
Melee: Long sword        |    21 |    36 |     7 ||    64
  Use: Potion            |       |     2 |     1 ||     3
